 Dungeon Crawl Stone Soup version 0.31-a0-256-g80acddb972 (webtiles) character file.

Game seed: 11704592252505180843

4090 Conn the Arsonist (level 10, -6/61 HPs)
             Began as an Octopode Fire Elementalist on July 13, 2023.
             Was an Initiate of Sif Muna.
             Shot with an arrow by a centaur warrior (17 damage)
             ... on level 9 of the Dungeon.
             The game lasted 00:21:53 (8185 turns).

Conn the Arsonist (Octopode Fire Elementalist)      Turns: 8185, Time: 00:21:54

Health: -6/61      AC:  1    Str:  7    XL:     10   Next: 26%
Magic:  22/22      EV: 13    Int: 22    God:    Sif Muna [......]
Gold:   287        SH:  0    Dex: 13    Spells: 16/26 levels left

rFire   + . .        y - +4 mace of Woe {heavy, *Rage rC+ rN+ Stlth+}
rCold   . . .        (no shield)
rNeg    + . .        (helmet restricted)
rPois   .            s - amulet of magic regeneration
rElec   .            b - ring of flight
rCorr   .            f - ring of fire
SInv    .            (no ring)
Will    .....        (no ring)
Stlth   +++++        (no ring)
HPRegen 0.30/turn    (no ring)
MPRegen 0.58/turn    (no ring)
                     (no ring)

%: random rage (20%)
@: flying
A: almost no armour, amphibious, 8 rings, camouflage 1, gelatinous body 1,
(nimble swimmer 1), tentacles
a: Renounce Religion


You were on level 9 of the Dungeon.
You worshipped Sif Muna.
Sif Muna was noncommittal.
You visited 2 branches of the dungeon, and saw 10 of its levels.

You collected 287 gold pieces.

Inventory:

Hand Weapons
 d - a +1 dagger
 y - the +4 mace of Woe (weapon) {heavy, *Rage rC+ rN+ Stlth+}
   (You found it on level 5 of the Dungeon)

   rC:        It protects you from cold.
   rN:        It protects you from negative energy.
   *Rage:     It berserks you when you make melee attacks (+20% chance).
   Stlth:     It makes you more stealthy.
Missiles
 v - 8 poisoned darts
 w - 4 throwing nets
 C - 6 boomerangs of dispersal (quivered)
Magical Staves
 k - a staff of cold
Jewellery
 b - a ring of flight (left tentacle)
 e - a +6 ring of dexterity
 f - a ring of fire (right tentacle)
 s - an amulet of magic regeneration (around mantle)
Talismans
 l - a beast talisman
Wands
 p - a wand of polymorph (7)
 q - a wand of charming (14)
 B - a wand of digging (5)
 D - a wand of iceblast (8)
 E - a wand of acid (8)
Scrolls
 c - 2 scrolls of fog
 g - 2 scrolls of teleportation
 m - a scroll of amnesia {unknown}
 o - 6 scrolls of identify
 x - a scroll of enchant armour
 A - a scroll of poison {unknown}
Potions
 a - a potion of magic
 h - 2 potions of brilliance
 i - 2 potions of might
 j - 2 potions of resistance
 n - 2 potions of lignification {unknown}
 r - a potion of enlightenment
 t - a potion of haste
 u - a potion of curing
 z - 2 potions of mutation {unknown}


   Skills:
 + Level 2.3 Fighting
 + Level 0.1 Short Blades
 + Level 0.6(1.0) Maces & Flails
 + Level 1.0(1.1) Staves
 + Level 3.0 Dodging
 + Level 5.6 Stealth
 + Level 8.5 Spellcasting
 + Level 4.7 Conjurations
 + Level 2.2 Hexes
 + Level 9.1 Fire Magic
 + Level 0.3 Evocations


You had 16 spell levels left.
You knew the following spells:

 Your Spells              Type           Power      Damage    Failure   Level
a - Foxfire               Conj/Fire      100%       2x1d9     1%          1
b - Scorch                Fire           100%       2d9       1%          2
c - Inner Flame           Hex/Fire       51%        N/A       1%          3
d - Flame Wave            Conj/Fire      56%        2d13      4%          4

Your spell library contained the following spells:

 Spells                   Type           Power      Damage    Failure   Level
 Volatile Blastmotes      Fire/Tloc      88%        2d17      3%          3
 Stone Arrow              Conj/Erth      38%        3d9       8%          3
 Lesser Beckoning         Tloc           18%        N/A       11%         2
 Wereblood                Tmut           9%         N/A       11%         2
 Gell's Gravitas          Tloc           9%         N/A       22%         3
 Ozocubu's Armour         Ice            9%         N/A       22%         3
 Teleport Other           Tloc           9%         N/A       22%         3
 Animate Dead             Necr           9%         N/A       56%         4
 Irradiate                Conj/Tmut      9%         3d14      58%         5
 Haunt                    Necr/Summ      4%         N/A       100%        7
 Ozocubu's Refrigeration  Ice            4%         4d8       100%        7
 Infestation              Necr           4%         N/A       100%        8
 Lehudib's Crystal Spear  Conj/Erth      9%         10d4      100%        8
 Animate Armour           Summ/Erth      Unusable   N/A       N/A         4

Dungeon Overview and Level Annotations

Branches:
Dungeon (9/15)             Temple (1/1) D:7            Lair (0/5) D:8
    Orc: D:9-12

Altars:
Ashenzari
Cheibriados
Dithmenos
Elyvilon
Fedhas
Gozag
Hepliaklqana
Kikubaaqudgha
Makhleb
Nemelex Xobeh
Okawaru
Qazlal
Ru
Sif Muna
Trog
Uskayaw
Vehumet
Wu Jian
Xom
Yredelemnul
Zin
The Shining One


Innate Abilities, Weirdness & Mutations

You cannot wear most types of armour.
You are amphibious.
You can wear up to eight rings at the same time.
Your skin changes colour to match your surroundings (Stealth+).
Your rubbery body absorbs attacks. (AC +1, EV +1)
((You are camouflaged when in or above water. (Stealth+)))
You have tentacles for arms and can constrict up to eight enemies at once.


Message History

Reactivating autopickup.
You feel a bit more experienced.
Casting: Scorch (safe; 1% risk of failure)
Confirm with . or Enter, or press ? or * to list all spells.
Okay, then.
Unknown command.
Magic restored.
Done exploring.
Done exploring.
Done exploring.
(D) Dungeon (T) Temple (L) Lair
Where to? (? - help)
There is a stone staircase leading up here.
You fly upwards.
There is a stone staircase leading down here.
Done exploring.
(D) Dungeon (T) Temple (L) Lair
Where to? (Enter - D:7, ? - help)
You fly downwards.
There is a stone staircase leading up here.
(D) Dungeon (T) Temple (L) Lair
Where to? (Enter - D:8, ? - help)
There is a stone staircase leading down here.
You fly downwards.
There is a stone staircase leading up here.
You reach down and open the door.
A cyclops comes into view.
The cyclops shouts!
There is an open door here.
The cyclops throws a large rock.
The large rock hits you!!!
Ouch! That really hurt!
* * * LOW HITPOINT WARNING * * *
You hear a roar!
You hear a shout! x2; You hear a horrible gurgling sound!
You hear a roar!
You hear a shout!
You hear an angry buzzing noise.
You hear two shouts!
You hear a shout!
You hear a horrible gurgling sound!
You hear a shout! x2
A centaur warrior comes into view.
The centaur warrior wields a +0 orcbow.
The centaur warrior shoots an arrow.
The arrow hits you!
You die...

###... .......
##.##..##.....#
..C##..#.....##
#..##.........
...#.<.......
#.#.......##
#.'......##
##.#......#
#@.#......#
#..##........
#..##......#.##
#..# .###.....
..## . .... #.#
.#. ... c#


You could see a centaur warrior.

Vanquished Creatures
  A two-headed ogre (D:8)
  An unseen horror (D:8)
  A troll (D:5)
  A hornet (D:7)
  Prince Ribbit (D:8)
  2 wyverns
  3 sky beasts
  2 ice beasts
  An orc warrior (D:5)
  A black bear (D:5)
  2 centaurs (D:7)
  2 scorpions
  A bullfrog (D:7)
  9 wights
  5 orc priests
  A hound (D:6)
  A jelly (D:7)
  2 gnoll boudas
  3 sleepcaps
  2 iguanas
  Ijyb (D:4)
  9 orc wizards
  13 gnolls
  3 adders (D:4)
  An ufetubus (D:6)
  3 worms (D:2)
  4 dart slugs
  21 orcs
  7 ball pythons
  7 endoplasms
  4 giant cockroaches
  7 goblins
  6 hobgoblins
  7 jackals
  10 kobolds
  3 quokkas
  4 bats
  2 frilled lizards
  4 rats
158 creatures vanquished.

Vanquished Creatures (collateral kills)
  An orc (D:5)
1 creature vanquished.

Vanquished Creatures (others)
  A sleepcap (D:5)
  494 foxfires
495 creatures vanquished.

Grand Total: 654 creatures vanquished

Notes
Turn   | Place    | Note
-------+----------+-------------------------------------------
     0 | D:1      | Conn the Octopode Fire Elementalist began the quest for the
                  | Orb.
     0 | D:1      | Reached XP level 1. HP: 11/11 MP: 3/3
   105 | D:1      | Reached XP level 2. HP: 17/17 MP: 5/5
   436 | D:1      | Reached XP level 3. HP: 21/21 MP: 2/6
  1936 | D:3      | Reached XP level 4. HP: 27/27 MP: 1/7
  2363 | D:3      | Reached skill level 4 in Fire Magic
  3042 | D:3      | Learned a level 2 spell: Scorch
  3046 | D:3      | Learned a level 3 spell: Inner Flame
  3146 | D:4      | Reached XP level 5. HP: 22/31 MP: 1/9
  3190 | D:4      | Found an ancient bone altar of Kikubaaqudgha.
  3291 | D:4      | Found a glowing golden altar of the Shining One.
  3298 | D:4      | Found a broken altar of Ashenzari.
  3301 | D:4      | Found a snail-covered altar of Cheibriados.
  3370 | D:4      | Reached skill level 5 in Stealth
  3370 | D:4      | Reached XP level 6. HP: 36/36 MP: 5/10
  3444 | D:4      | Learned a level 4 spell: Flame Wave
  3727 | D:4      | Noticed Ijyb
  3749 | D:4      | Killed Ijyb
  4033 | D:5      | Entered Level 5 of the Dungeon
  4060 | D:5      | Identified the +4 mace of Woe {heavy, *Rage rC+ rN+ Stlth+}
  4141 | D:5      | Noticed a black bear
  4145 | D:5      | Noticed a troll
  4146 | D:5      | Killed a black bear
  4151 | D:5      | Killed a troll
  4152 | D:5      | Reached skill level 1 in Staves
  4152 | D:5      | Reached skill level 5 in Fire Magic
  4152 | D:5      | Reached XP level 7. HP: 42/42 MP: 2/13
  4516 | D:5      | You are sucked into a shaft and drop 3 floors!
  4588 | D:7      | Noticed a wyvern
  4593 | D:7      | Killed a wyvern
  4594 | D:7      | Reached skill level 5 in Spellcasting
  4594 | D:7      | Reached skill level 1 in Hexes
  4594 | D:7      | Reached skill level 6 in Fire Magic
  4594 | D:7      | Reached XP level 8. HP: 47/47 MP: 9/15
  4726 | D:7      | Found an iron altar of Okawaru.
  4766 | D:6      | Reached skill level 1 in Fighting
  5079 | D:5      | Identified the +11 short sword "Spiderbane" {freeze, Will+
                  | SInv}
  5760 | D:7      | Reached skill level 7 in Fire Magic
  5773 | D:7      | Reached XP level 9. HP: 42/53 MP: 11/18
  5979 | D:7      | Found a staircase to the Ecumenical Temple.
  5989 | Temple   | Entered the Ecumenical Temple
  6115 | D:7      | Noticed a hornet
  6119 | D:7      | Paralysed by a hornet for 1 turns
  6121 | D:7      | Killed a hornet
  7135 | D:8      | Noticed a two-headed ogre
  7163 | D:8      | Reached skill level 8 in Fire Magic
  7447 | D:8      | Found a sacrificial altar of Ru.
  7578 | D:8      | Found a shimmering blue altar of Sif Muna.
  7582 | D:8      | Became a worshipper of Sif Muna the Loreminder
  7609 | D:8      | Noticed Prince Ribbit
  7620 | D:8      | Killed Prince Ribbit
  7833 | D:8      | Found a staircase to the Lair.
  7847 | D:8      | Killed a two-headed ogre
  7848 | D:8      | Reached XP level 10. HP: 36/61 MP: 8/22
  7890 | D:8      | Reached skill level 9 in Fire Magic
  8073 | D:8      | Killed an unseen horror
  8182 | D:9      | Noticed a cyclops
  8185 | D:9      | Noticed a centaur warrior
  8185 | D:9      | Shot with an arrow by a centaur warrior

Illustrated notes

Levels and vault maps discovered:
D:1:      lemuel_arrival_behind_the_door_large, layout_basic
D:2:      layout_loops_ring, hangedman_feature_mirror, hangedman_decor_push,
          minmay_tetromino_t2
D:3:      layout_loops_cross, grunt_ministairs_1, eino_tiny_chamber
D:4:      layout_loops_ring, mainiacjoe_overflow_catwalk,
          grunt_temple_overflow_diamond, minmay_diced_spiral, uniq_ijyb
D:5:      layout_loops_corners
D:6:      layout_cave_pools
D:7:      layout_layer_cave, okawaru_trees_2,
          minmay_temple_entry_statues_fountains
D:8:      layout_basic, mainiacjoe_overflow_alcove_4,
          mainiacjoe_overflow_surrounded_room, uniq_prince_ribbit1
D:9:      minmay_the_grid_octo_triangle [minmay_the_grid_octo_77,
          minmay_the_grid_octo_prize_square_snowflake,
          minmay_the_grid_octo_odd_swirl], layout_rooms
Temple:   nicolae_temple_bog_church

Skill      XL: |  1  2  3  4  5  6  7  8  9 10 |
---------------+-------------------------------+-----
Stealth        | 3 4 5 |  5.6
Fire Magic     | 4 5 6 7 8 9 |  9.1
Spellcasting   | 3 4 5 6 8 |  8.5
Conjurations   | 2 3 4 |  4.7
Staves         | 1 |  1.0
Hexes          | 1 2 |  2.2
Fighting       | 1 2 |  2.3
Dodging        | 3 |  3.0
Short Blades   | |  0.1
Maces & Flails | |  0.6
Evocations     | |  0.3

Action                     |  1- 3 |  4- 6 |  7- 9 | 10-12 || total
---------------------------+-------+-------+-------+-------++-------
  Melee: Dagger            |    16 |       |       |       ||    16
         Constrict         |     7 |     4 |     2 |       ||    13
         Tentacles         |     8 |     5 |     2 |       ||    15
         Staff             |    15 |    17 |       |       ||    32
         Mace              |       |       |    11 |       ||    11
         Punch             |       |       |     1 |       ||     1
   Cast: Foxfire           |    60 |    69 |   148 |    12 ||   289
         Scorch            |       |    17 |    40 |     3 ||    60
         Inner Flame       |       |     4 |     7 |       ||    11
         Flame Wave        |       |       |     8 |       ||     8
  Evoke: Wand              |       |       |     3 |       ||     3
    Use: Scroll            |       |       |     9 |       ||     9
         Potion            |       |       |     7 |       ||     7
   Stab: Sleeping          |     8 |     4 |     1 |       ||    13
 Armour: Skin              |       |     1 |     1 |       ||     2
  Dodge: Dodged            |    18 |    24 |    35 |     2 ||    79

Table legend: (Time is in decaauts)
 A = Elapsed time spent in this place.
 B = Non-inter-level travel time spent in this place.
 C = Inter-level travel time spent in this place.
 D = Time resting spent in this place.
 E = Time spent auto-exploring this place.
 F = Levels seen in this place.
 G = Mean time per level.
                   A        B        C        D        E       F      G
               +--------+--------+--------+--------+--------+-----+--------+
         Total |   8189 |   7886 |    303 |     33 |   5905 |  10 |  818.9 |
       Dungeon |   8068 |   7772 |    296 |     33 |   5805 |   9 |  896.4 |
        Temple |    120 |    113 |      7 |      0 |    100 |   1 |  120.0 |
               +--------+--------+--------+--------+--------+-----+--------+

Top non-repeatable levels by time:
     D:7: 1530 daAuts
     D:5: 1144 daAuts
     D:3: 1141 daAuts
     D:8: 1127 daAuts
     D:2: 1035 daAuts
     D:4: 971 daAuts
     D:1: 895 daAuts
     D:6: 216 daAuts
  Temple: 120 daAuts
     D:9: 5 daAuts
